Map: New Repugnancy LE

Players

MarineLorD - Winner!

  • Race: Terran Terran
  • Spawn Location: 7:00

VitamiN

  • Race: Zerg Zerg
  • Spawn Location: 1:00

Event: 2019 WCS Summer

VOD

Have the link to the VOD?

Description

Time

  • Played on: July 12, 2019, 5:58 a.m.
  • Length: 2:22

All games in this series

Show
View Real Time Build Order
Export as new Build Order

MarineLorD Terran - Winner!

Build Orders:  

Get SALT Encoding   

  12  0:00  SCV  
  13  0:12  SCV  
  14  0:17  Supply Depot  
  14  0:24  SCV  
  15  0:39  Barracks  
  15  0:41  SCV  
  16  0:55  Barracks  
  16  0:56  SCV  
  17  1:08  SCV  
  17  1:10  Refinery  
  18  1:26  Orbital Command, Marine  
  19  1:35  Supply Depot  
  19  1:41  Marine  
  19  1:44  Marine  
  21  1:48  Bunker  
  21  1:59  Marine  
  22  2:03  Marine  
  24  2:13  Factory  
  23  2:22  Bunker  
Show
View Real Time Build Order
Export as new Build Order

VitamiN Zerg 

Build Orders: Hatch First 

Get SALT Encoding   

  12  0:01  Drone  
  13  0:13  Overlord  
  13  0:18  Drone  
  14  0:32  Drone  
  14  0:33  Drone  
  16  0:51  Hatchery  
  16  0:54  Drone  
  16  0:56  Drone  
  17  1:00  Drone  
  18  1:10  Extractor  
  17  1:16  Spawning Pool  
  16  1:21  Drone  
  16  1:23  Drone  
  18  1:30  Drone  
  19  1:46  Overlord  
  18  2:07  Spine Crawler  
Tags
 
Add a new tag
Caveats
  • Supply blocks, unpowered buildings, or Contaminate may cause inaccurate times.
  • Supply counts are checked every 10 seconds.